AoeStats
← EmirBagtas

Arabian Desert

509932306Analyzed
1v1 RM · 2d ago on Sep 28, 2026· 62m 32s· 2 players
Game mode
Random Map
Map size
Tiny (2 player)
Population
200
Speed
Normal
Resources
Standard
Victory
Conquest
Starting age
Dark Age
Ending age
Imperial Age
RankedLock teamsTeams togetherTeam positionsShared explorationLock speedFull tech treeHidden civsTurbo modeCheats
Victory
Defeat
🇹🇷 Magyars · Türkiye
851
+38
🇺🇸 Bengalis · United States
808
-14
nottheboss
5:36 Loom
11:59 Feudal Age
12:31 Double-Bit Axe
12:28 Horse Collar
16:57 Wheelbarrow
17:13 Fletching
21:24 Castle Age
19:39 Gold Mining
20:04 Stone Mining
20:20 Padded Archer Armor
21:45 Bloodlines
22:38 Heavy Plow
23:13 Bow Saw
23:43 Gold Shaft Mining
22:40 Light Cavalry
23:21 Husbandry
23:57 Forging
24:44 Scale Mail Armor
25:12 Gambesons
25:25 Pikeman
28:20 Squires
30:26 Bodkin Arrow
30:42 Town Watch
31:38 Arson
32:44 Iron Casting
32:28 Paiks
35:41 Scale Barding Armor
36:21 Masonry
37:06 Devotion
37:32 Chain Mail Armor
38:40 Chain Barding Armor
38:22 Murder Holes
39:06 Hand Cart
39:21 Town Patrol
40:22 Redemption
46:27 Imperial Age
47:58 Architecture
47:51 Ballistics
47:55 Conscription
47:26 Elite Battle Elephant
48:58 Plate Barding Armor
49:09 Bracer
49:11 Elite Ratha (Ranged)
50:50 Leather Archer Armor
54:02 Blast Furnace
54:25 Siege Elephant
EmirBagtas
12:19 Feudal Age
12:44 Double-Bit Axe
14:21 Man-at-Arms
16:35 Horse Collar
21:00 Castle Age
20:31 Gold Mining
21:59 Bow Saw
21:52 Heavy Plow
22:34 Gold Shaft Mining
21:50 Stone Mining
27:07 Thumb Ring
35:47 Imperial Age
33:56 Elite Skirmisher
37:11 Crop Rotation
37:45 Two-Man Saw
37:10 Conscription
36:53 Corvinian Army
36:55 Elite Magyar Huszar
39:31 Chemistry
38:56 Ballistics
39:48 Parthian Tactics
39:35 Scale Barding Armor
39:38 Fletching
41:29 Heavy Cavalry Archer
41:50 Pikeman
42:39 Padded Archer Armor
42:43 Bodkin Arrow
43:49 Halberdier
46:28 Capped Ram
47:54 Leather Archer Armor
48:03 Chain Barding Armor
58:18 Ring Archer Armor
57:53 Bracer
Connection lost

Rejoining the realm…

Still unreachable

The connection could not be restored.

Session expired

The server has moved on; the page needs a fresh start.